 Dungeon Crawl Stone Soup version 0.18-a0-1311-g779ca93 (webtiles) character file.

199 Duffy the Ruffian (level 5, -4/45 HPs)
             Began as a Draconian Monk on Feb 13, 2016.
             Slain by an orc
             ... wielding a +1 morningstar of protection
              (8 damage)
             ... on level 3 of the Dungeon.
             The game lasted 00:02:40 (3032 turns).

Duffy the Ruffian (Draconian Monk)                  Turns: 3032, Time: 00:02:41

Health: -4/45      AC:  5    Str: 14    XL:     5   Next: 48%
Magic:  5/5        EV: 13    Int: 11    God:
Gold:   117        SH:  0    Dex: 13    Spells: 0 memorised, 4 levels left

rFire  . . .     SeeInvis .       - Unarmed
rCold  . . .     Gourm    .     (armour unavailable)
rNeg   . . .     Faith    .     (no shield)
rPois  .         Spirit   .     (helmet restricted)
rElec  .         Dismiss  .     (no cloak)
rCorr  .         Reflect  .     (no gloves)
SustAt +         Harm     .     (no boots)
MR     .....                    (no amulet)
Stlth  +++.......               o - ring of stealth
                                e - ring of sustain attributes

@: not resistant to hostile enchantments, fairly stealthy
A: unfitting armour, cold-blooded, AC +5
a: no special abilities


You were on level 3 of the Dungeon.
You were not hungry.

You visited 1 branch of the dungeon, and saw 3 of its levels.

You collected 117 gold pieces.


Innate Abilities, Weirdness & Mutations

Your plain brown scales are hard (AC +5).
Your body does not fit into most forms of armour.
You are cold-blooded and may be slowed by cold attacks.


   Skills:
 - Level 3.2 Fighting
 - Level 2.6 Dodging
 - Level 1.8 Stealth
 + Level 6.8 Unarmed Combat


You had 4 spell levels left.
You didn't know any spells.

Inventory:

Missiles
 c - 5 silver tomahawks (quivered)
Jewellery
 e - a ring of sustain attributes (left hand)
 o - a ring of stealth (right hand)
Scrolls
 f - 3 scrolls of magic mapping {unknown}
 h - 3 scrolls of enchant weapon {unknown}
 i - 2 scrolls of amnesia {unknown}
 k - a scroll of blinking {unknown}
 m - 2 scrolls of immolation {unknown}
 n - a scroll of random uselessness {unknown}
Potions
 b - 5 potions of curing {unknown}
 d - a potion of berserk rage {unknown}
 l - a potion of flight {unknown}
 p - a potion of magic {unknown}
 q - a potion of agility {unknown}
Comestibles
 a - 3 bread rations
 g - 2 slices of pizza
 j - a beef jerky
 r - 3 chunks of flesh

Dungeon Overview and Level Annotations

Branches:
Dungeon (3/15)

Altars:
Elyvilon
Nemelex Xobeh
Vehumet


Message History

You barely miss the orc priest.
The orc priest is almost dead.
The orc priest calls down the wrath of Beogh upon you.
Something smites you!
You barely miss the orc priest.
The orc priest is almost dead.
The orc priest completely misses you.
You hit the orc priest.
Your tail-slap misses the orc priest.
The orc priest is almost dead.
You closely miss the orc priest.
The orc priest is almost dead.
The orc priest hits you but does no damage.
You hit the orc priest.
You kill the orc priest!
You miss the quokka.
Your tail-slap misses the quokka.
The quokka bites you but does no damage.
You barely miss the quokka. The quokka barely misses you.
You punch the quokka!
You kill the quokka!
You swing at nothing.
The orc throws a tomahawk.
The tomahawk misses you.
You swing at nothing.
The orc throws a tomahawk.
The tomahawk closely misses you.
You swing at nothing.
You hit the orc.
The orc is lightly wounded.
The orc closely misses you.
You closely miss the orc.
The orc is lightly wounded.
The orc closely misses you.
You hit the orc but do no damage.
The orc is lightly wounded.
You barely miss the orc.
The orc is lightly wounded.
The orc hits you with a morningstar of protection!
You die...

#########
##.##<##.#...........
#.#...##)##.###.....>
##.#####)##.# #......
#.......##.# #......
####.########.#
#...... #.....(# #.#
####.## #.##.#?# ...
#...# # #.#.# ...
#.#.. #.#@# .[> #. .#
#.#o# ## ## #.#o#
....# ..... .### #


You could see 2 orcs.

Action                   |  1- 3 |  4- 6 || total
-------------------------+-------+-------++-------
Melee: Unarmed           |   142 |   105 ||   247
 Stab: Sleeping          |     4 |     6 ||    10
       Distracted        |       |     1 ||     1
  Eat: Chunk             |     1 |     6 ||     7

Notes
Turn   | Place    | Note
--------------------------------------------------------------
     0 | D:1      | Duffy the Draconian Monk began the quest for the Orb.
     0 | D:1      | Reached XP level 1. HP: 19/19 MP: 1/1
   138 | D:1      | Reached XP level 2. HP: 13/26 MP: 2/2
   642 | D:2      | Reached XP level 3. HP: 21/31 MP: 3/3
   650 | D:2      | Reached skill level 5 in Unarmed Combat
  1695 | D:2      | Reached XP level 4. HP: 28/38 MP: 4/4
  2049 | D:2      | Found a radiant altar of Vehumet.
  2192 | D:2      | Found a sparkling altar of Nemelex Xobeh.
  2551 | D:3      | Reached skill level 6 in Unarmed Combat
  2559 | D:3      | Reached XP level 5. HP: 23/45 MP: 5/5
  2917 | D:3      | Found a white marble altar of Elyvilon.
  3032 | D:3      | Slain by an orc

Vault maps used:
D:1:      lemuel_arrival_broad_hall
D:2:      nicolae_overflow_hidden_temple, vehumet_crystals
D:3:      lemuel_crystal_altar

Vanquished Creatures
  A jelly
  An orc priest
  A gnoll
  4 adders
  6 worms
  2 giant geckos
  6 orcs
  A ball python
  6 giant cockroaches
  7 goblins
  6 hobgoblins
  5 jackals
  A quokka
  6 bats
  2 giant newts
  9 kobolds
  7 rats
71 creatures vanquished.
